 Dungeon Crawl Stone Soup version 0.31-a0-1236-gaa9e43cceb (webtiles) character file.

Game seed: 4366185504221344468

44081 James the Brawler (level 13, 0/216 HPs)
             Began as a Troll Berserker on Dec 15, 2023.
             Was a High Priest of Trog.
             Slain by a 14-headed hydra (8 damage)
             ... on level 4 of the Lair of Beasts.
             The game lasted 00:41:45 (14523 turns).

James the Brawler (Troll Berserker)                Turns: 14523, Time: 00:41:45

Health: 0/216      AC: 10    Str: 38    XL:     13   Next: 94%
Magic:  12/12      EV: 10    Int:  3    God:    Trog [*****.]
Gold:   1011       SH:  0    Dex:  9    Spells: 12/12 levels left

rFire   . .          .
                       - Unarmed
rCold   . . .        (no shield)
rNeg    . . .        X - +0 swamp dragon scales
rPois   +            z - +0 hat
rElec   .            H - scarf {repulsion}
rCorr   .            (gloves unavailable)
SInv    .            (boots unavailable)
Will    .....        o - amulet of the acrobat Stlth
                     C - +6 ring of strength
HPRegen 1.36/turn    D - ring of Xinonkeid {+Blink rPois}
MPRegen 0.13/turn

%: repel missiles, acrobat
@: berserking, very quick
A: large, unfitting armour, claws 3, regeneration 1, shaggy fur 1, tough skin 1
a: Renounce Religion, Evoke Blink, Berserk, Trog's Hand, Brothers in Arms


You were on level 4 of the Lair of Beasts.
You worshipped Trog.
Trog was extremely pleased with you.
You visited 2 branches of the dungeon, and saw 16 of its levels.

You collected 1011 gold pieces.

Inventory:

Hand Weapons
 g - the +9 great sword of the Harvest {flame, Will+}
   (Trog gifted it to you on level 3 of the Lair of Beasts)

   Will+:     It increases your willpower.
 x - a +0 sling
   (You found it on level 3 of the Dungeon)
 B - a +6 halberd
   (Trog gifted it to you on level 2 of the Lair of Beasts)
 T - a +2 trident of draining
   (You took it off Jeremiah on level 7 of the Dungeon)
Missiles
 d - 4 boomerangs
 i - 37 poisoned darts (quivered)
Armour
 a - a +0 animal skin
 c - the +0 robe of Kyd Wub {Regen+}
   (You took it off a kobold on level 4 of the Dungeon)

   Regen+:    It increases your rate of health regeneration.
 z - a +0 hat (worn)
   (You took it off Gastronok on level 2 of the Lair of Beasts)
 A - +0 acid dragon scales
   (You found it on level 11 of the Dungeon)
 H - a scarf of repulsion (worn)
   (You found it on level 6 of the Dungeon)
 P - a +0 robe
   (You took it off a wight on level 7 of the Dungeon)
 Q - a +0 robe
   (You took it off a wight on level 7 of the Dungeon)
 R - a +0 robe
   (You took it off a wight on level 7 of the Dungeon)
 S - a +0 robe
   (You took it off Jeremiah on level 7 of the Dungeon)
 X - +0 swamp dragon scales (worn)
   (You took it off Maggie on level 8 of the Dungeon)
 Y - +0 steam dragon scales
   (You found it on level 8 of the Dungeon)
 Z - a +1 cloak
   (You found it on level 8 of the Dungeon)
Jewellery
 f - an amulet of reflection
   (You found it on level 2 of the Dungeon)
 o - an amulet of the acrobat (around neck)
   (You found it on level 3 of the Dungeon)
 C - a +6 ring of strength (left claw)
   (You took it off a kobold on level 4 of the Dungeon)
 D - the ring of Xinonkeid (right claw) {+Blink rPois}
   (You found it on level 5 of the Dungeon)

   [ring of poison resistance]

   rPois:     It protects you from poison +Blink: It lets you blink.
 F - an amulet of faith {!P}
   (You took it off Erica on level 9 of the Dungeon)
 O - a ring of resist corrosion
   (You took it off a centaur on level 2 of the Lair of Beasts)
Talismans
 L - a maw talisman
   (You found it on level 1 of the Lair of Beasts)
Wands
 t - a wand of flame (36)
   (You took it off Pikel on level 4 of the Dungeon)
 u - a wand of paralysis (30)
   (You found it on level 3 of the Dungeon)
 v - a wand of digging (5)
   (You found it on level 9 of the Dungeon)
 E - a wand of polymorph (2)
   (You took it off Erica on level 9 of the Dungeon)
 G - a wand of roots (30)
   (You found it on level 6 of the Dungeon)
Scrolls
 e - a scroll of summoning {unknown}
 h - 3 scrolls of fog
 j - 4 scrolls of revelation {unknown}
 k - 7 scrolls of teleportation {@r4}
 l - 3 scrolls of blinking
 m - 3 scrolls of enchant armour
 s - 6 scrolls of amnesia {unknown}
 y - a scroll of vulnerability {!r}
 I - a scroll of fear {unknown}
 J - 2 scrolls of brand weapon
 K - 2 scrolls of poison {unknown}
 M - a scroll of enchant weapon {unknown}
Potions
 b - a potion of mutation {!q}
 n - 3 potions of curing {@q1}
 p - 2 potions of lignification {!q}
 q - 3 potions of might
 r - 3 potions of haste {@q3}
 w - a potion of enlightenment
 N - 3 potions of heal wounds {@q2}
 U - a potion of invisibility
 V - 2 potions of berserk rage
 W - a potion of cancellation


   Skills:
 + Level 13.3 Fighting
 - Level 4.0 Armour
 - Level 4.0 Dodging
 - Level 18.0 Unarmed Combat


You had 12 spell levels left.
You didn't know any spells.
Your spell library was empty.

Dungeon Overview and Level Annotations

Branches:
Dungeon (11/15)            Temple (0/1) D:5            Lair (5/5) D:11
 Shoals (0/4) Lair:2       Spider (0/4) Lair:2        Slime (0/5) Lair:4
    Orc (0/2) D:11

Altars:
Ashenzari
Dithmenos
Fedhas
Gozag
Qazlal
Uskayaw
Xom
Zin
The Shining One
Jiyva

Shops:
D:5 *


Innate Abilities, Weirdness & Mutations

You are too large for most types of armour.
You have claws for hands.
Your natural rate of healing is unusually fast.
You are covered in fur. (AC +1)
You have tough skin. (AC +1)


Message History

The 11-headed hydra bites you but does no damage. x3
The 11-headed hydra bites you. The 11-headed hydra bites you!
* * * LOW HITPOINT WARNING * * *
Unknown command.
A red film seems to cover your vision as you go berserk!
You feel yourself moving faster!
You feel mighty! The 11-headed hydra closely misses you.
The 11-headed hydra completely misses you.
The 11-headed hydra bites you.
* * * LOW HITPOINT WARNING * * *
The 11-headed hydra bites you but does no damage.
The 11-headed hydra bites you.
* * * LOW HITPOINT WARNING * * *
The 11-headed hydra misses you. The 11-headed hydra closely misses you.
The 11-headed hydra bites you.
* * * LOW HITPOINT WARNING * * *
The 11-headed hydra bites you!
* * * LOW HITPOINT WARNING * * *
The 11-headed hydra bites you!
* * * LOW HITPOINT WARNING * * *
The 11-headed hydra completely misses you.
You claw one of the 11-headed hydra's heads off!
The ten-headed hydra grows two more!
You mangle the 12-headed hydra!! The 12-headed hydra bites you!
* * * LOW HITPOINT WARNING * * *
The 12-headed hydra bites you!
* * * LOW HITPOINT WARNING * * *
The 12-headed hydra bites you but does no damage. x2
The 12-headed hydra bites you!
* * * LOW HITPOINT WARNING * * *
The 12-headed hydra bites you!
* * * LOW HITPOINT WARNING * * *
The 12-headed hydra barely misses you. The 12-headed hydra bites you!
* * * LOW HITPOINT WARNING * * *
The 12-headed hydra bites you!
* * * LOW HITPOINT WARNING * * *
The 12-headed hydra bites you.
* * * LOW HITPOINT WARNING * * *
The 12-headed hydra bites you but does no damage.
The 12-headed hydra misses you.
You are too berserk!
You are too berserk!
You claw one of the 12-headed hydra's heads off!
The 11-headed hydra grows two more!
You claw the 13-headed hydra!
Unknown command.
Unknown command.
You claw one of the 13-headed hydra's heads off!
The 12-headed hydra grows two more!
You claw the 14-headed hydra! The 14-headed hydra bites you!
You die...

#.## ## ### #####.
## ### ###.#.#. ##|
##.###....... #..
###..#P.....##.
#..###...........##.
#..#........###.....
#.DP.###....###....<
##$@## ##..###......
#### ###.##......
######.P.. #.#.#
#####


You could see a 14-headed hydra.

Vanquished Creatures
  Gastronok (Lair:2)
  A centaur warrior (D:9)
  A two-headed ogre (D:7)
  6 death yaks
  Pikel (D:4)
  The ghost of paps the Sneak, a novice OpSh (D:7)
  14 elephants
  3 black mambas
  A torpor snail (Lair:1)
  The ghost of Ivernyr the Shield-Bearer, a novice FoFi (D:5)
  12 cane toads
  Maggie (D:8)
  4 komodo dragons
  Jeremiah (D:7)
  2 rime drakes
  A hornet (D:8)
  2 polar bears
  A troll (D:10)
  17 blink frogs
  7 dream sheep
  A shadow (D:9)
  5 wyverns
  A wraith (D:11)
  67 yaks
  Eustachio (D:6)
  A basilisk (Lair:4)
  3 steam dragons
  3 vampire mosquitoes
  3 acid dragons
  4 water moccasins
  Duvessa (D:7)
  An ice beast (D:5)
  4 orc warriors
  3 black bears
  20 wolves
  4 boggarts (Lair:2)
  7 centaurs
  3 ogres
  2 phantoms
  4 lemures
  2 kobold brigands
  A necrophage (D:5)
  8 bullfrogs
  A gnoll sergeant (D:7)
  7 scorpions
  Dowan (D:7)
  5 wights
  11 killer bees
  2 electric eels (Lair:4)
  5 howler monkeys
  A centaur zombie (D:5)
  4 hounds
  2 jellies (D:7)
  7 orc priests
  3 gnoll boudas
  A bullfrog skeleton (D:5)
  12 hell rats
  A sleepcap (D:5)
  4 iguanas
  12 orc wizards
  17 gnolls
  A howler monkey skeleton (D:5)
  5 adders
  2 white imps
  2 ufetubi (D:7)
  2 worms (Lair:2)
  A dart slug (D:5)
  37 orcs
  13 ball pythons
  An endoplasm (D:2)
  5 giant cockroaches
  8 hobgoblins
  7 jackals
  3 quokkas
  2 bats
  2 frilled lizards
  16 goblins
  17 kobolds
  5 rats
452 creatures vanquished.

Vanquished Creatures (collateral kills)
  Erica (D:9)
1 creature vanquished.

Grand Total: 453 creatures vanquished

Notes
Turn   | Place    | Note
-------+----------+-------------------------------------------
     0 | D:1      | James the Troll Berserker began the quest for the Orb.
     0 | D:1      | Reached XP level 1. HP: 22/22 MP: 0/0
    64 | D:1      | Reached XP level 2. HP: 29/29 MP: 1/1
   514 | D:1      | Reached skill level 4 in Unarmed Combat
  1165 | D:2      | Reached ** piety under Trog
  1171 | D:2      | Reached XP level 3. HP: 36/36 MP: 2/2
  1216 | D:2      | Found a stormy altar of Qazlal.
  1317 | D:2      | Reached XP level 4. HP: 41/44 MP: 3/3
  1340 | D:2      | Reached skill level 5 in Unarmed Combat
  1651 | D:3      | Reached XP level 5. HP: 47/50 MP: 4/4
  1867 | D:3      | Reached skill level 6 in Unarmed Combat
  2695 | D:4      | Reached *** piety under Trog
  2721 | D:4      | Identified the +0 robe of Kyd Wub {Regen+}
  2724 | D:4      | Found a hide-covered altar of Uskayaw.
  2800 | D:4      | Noticed a lemure
  2802 | D:4      | Noticed a lemure
  2882 | D:4      | Noticed a phantom
  2897 | D:4      | Killed a phantom
  2898 | D:4      | Reached skill level 7 in Unarmed Combat
  2898 | D:4      | Reached XP level 6. HP: 45/59 MP: 5/5
  2974 | D:4      | Noticed Pikel
  3013 | D:4      | Killed Pikel
  3014 | D:4      | Reached skill level 9 in Unarmed Combat
  3014 | D:4      | Reached XP level 7. HP: 55/66 MP: 6/6
  3448 | D:5      | Entered Level 5 of the Dungeon
  3453 | D:5      | Reached XP level 8. HP: 72/74 MP: 7/7
  3465 | D:5      | Reached skill level 10 in Unarmed Combat
  3468 | D:5      | Identified the ring of Xinonkeid {+Blink rPois}
  3582 | D:5      | Found a glowing silver altar of Zin.
  3696 | D:5      | Found a transporter.
  3701 | D:5      | Noticed Ivernyr's ghost (novice FoFi)
  3991 | D:5      | Found Luucuog's Neck Hole.
  4097 | D:5      | Reached skill level 5 in Fighting
  4140 | D:5      | Found a staircase to the Ecumenical Temple.
  4180 | D:5      | Found a transporter.
  4482 | D:6      | Noticed Eustachio
  4492 | D:6      | Killed Eustachio
  4573 | D:6      | Reached **** piety under Trog
  4580 | D:6      | Reached XP level 9. HP: 89/89 MP: 8/8
  5059 | D:6      | Identified the +0 leather armour of Murph {Will+ rCorr
                  | Int+2 Dex+2}
  5467 | D:7      | Found a runed translucent gate.
  5467 | D:7      | Found a runed translucent gate.
  5467 | D:7      | Found a runed translucent gate.
  5475 | D:7      | Found an opulent altar of Gozag.
  5476 | D:7      | Noticed paps's ghost (novice OpSh)
  5534 | D:7      | Noticed Dowan
  5535 | D:7      | Noticed Duvessa
  5544 | D:7      | Killed Duvessa
  5550 | D:7      | Killed Dowan
  5725 | D:7      | Noticed Jeremiah
  5904 | D:7      | Killed Jeremiah
  5905 | D:7      | Reached skill level 11 in Unarmed Combat
  6007 | D:7      | Noticed a two-headed ogre
  6013 | D:7      | Killed a two-headed ogre
  6014 | D:7      | Reached XP level 10. HP: 59/106 MP: 9/9
  6356 | D:8      | Noticed Maggie
  6365 | D:8      | Killed Maggie
  7128 | D:9      | Found a shadowy altar of Dithmenos.
  7128 | D:9      | Found a glowing golden altar of the Shining One.
  7128 | D:9      | Found a shimmering altar of Xom.
  7128 | D:9      | Found a blossoming altar of Fedhas.
  7172 | D:8      | Reached ***** piety under Trog
  7173 | D:8      | Reached skill level 12 in Unarmed Combat
  7295 | D:9      | Noticed Erica
  7582 | D:9      | Reached skill level 10 in Fighting
  7731 | D:9      | Received a gift from Trog
  7888 | D:9      | Reached XP level 11. HP: 117/117 MP: 10/10
  7961 | D:9      | Killed Erica
  7962 | D:9      | Reached skill level 13 in Unarmed Combat
  8254 | D:5      | Killed Ivernyr's ghost
  8397 | D:7      | Killed paps's ghost
  8482 | D:10     | Entered Level 10 of the Dungeon
  8482 | D:10     | Noticed a centaur warrior
  8486 | D:9      | Killed a centaur warrior
  8618 | D:10     | Reached skill level 14 in Unarmed Combat
  8621 | D:10     | Reached skill level 1 in Armour
  8719 | D:10     | Found a broken altar of Ashenzari.
  8873 | D:10     | Identified the +5 ring mail of Duck's Teeth {Int+3 SInv}
  9325 | D:11     | Found a staircase to the Lair.
  9403 | D:11     | Found a staircase to the Orcish Mines.
 10009 | Lair:1   | Entered Level 1 of the Lair of Beasts
 10046 | Lair:1   | Reached XP level 12. HP: 111/130 MP: 11/11
 10259 | Lair:1   | Reached skill level 15 in Unarmed Combat
 11090 | Lair:2   | Received a gift from Trog
 11219 | Lair:2   | Reached skill level 16 in Unarmed Combat
 11572 | Lair:2   | Reached XP level 13. HP: 138/138 MP: 12/12
 11669 | Lair:2   | Found a hole to the Spider Nest.
 11680 | Lair:2   | Noticed Gastronok
 11704 | Lair:2   | Killed Gastronok
 11940 | Lair:2   | Found a staircase to the Shoals.
 12287 | Lair:3   | Reached skill level 17 in Unarmed Combat
 12410 | Lair:3   | Identified the +9 great sword of the Harvest {flame, Will+}
                  | (Trog gifted it to you on level 3 of the Lair of Beasts)
 12410 | Lair:3   | Received a gift from Trog
 13574 | Lair:4   | Found a staircase to the Slime Pits.
 13576 | Lair:4   | Found a viscous altar of Jiyva.
 14025 | Lair:4   | Reached skill level 18 in Unarmed Combat
 14039 | Lair:5   | Entered Level 5 of the Lair of Beasts
 14521 | Lair:4   | HP: 7/216 [12-headed hydra (6)]
 14523 | Lair:4   | Slain by a 14-headed hydra

Illustrated notes

Levels and vault maps discovered:
D:1:      dpeg_arrival_court, layout_basic
D:2:      layout_rooms, basic_altar, minmay_misc_feat_x
D:3:      layout_basic, minmay_goblin_kobold_house
D:4:      minmay_chambers_of_fours, layout_basic, mainiacjoe_overflow_catwalk,
          uniq_pikel
D:5:      layout_cave_pools, zin_academy, temple_hall_moat,
          gammafunk_ghost_mausoleum, serial_glass, glass_columns_a,
          glass_columns_c, glass_columns_a, glass_columns_b, glass_columns_c,
          glass_columns_a, glass_columns_a, glass_columns_a, minivault_14,
          nicolae_shop_sticking_my_neck_out
D:6:      layout_loops_corners, uniq_eustachio
D:7:      layout_loops_ring, ebering_ghost_gozag, minivault_1,
          amethyst_killhole, uniq_duvessa, uniq_jeremiah
D:8:      layout_basic, grunt_decor_fettered, uniq_maggie
D:9:      hellmonk_ruined_rings, layout_long_grid,
          chequers_temple_overflow_statue_of_worship, uniq_erica
D:10:     layout_big_octagon, mainiacjoe_overflow_concentric_impassable
D:11:     layout_basic, david_lair_shrubbed, minmay_orc_entry_temple_small
Lair:1:   layout_small_grid, st_stairs_12
Lair:2:   layout_cave_shapes, minmay_shoals_entry_centaurs,
          nicolae_spider_entry_non_spiders, kilobyte_rumbling_trees,
          uniq_gastronok
Lair:3:   layout_loops_ring
Lair:4:   layout_misc_corridors, slime_entry_1, hibernation_bobbens,
          infiniplex_staircase_pool
Lair:5:   cheibrodos_lair_end_hotspot, layout_loops_ring, uniq_urug

Skill      XL: |  1  2  3  4  5  6  7  8  9 10 11 12 13 |
---------------+----------------------------------------+-----
Unarmed Combat | 4 5 7 9 10 11 12 14 16 18 | 18.0
Fighting       | 6 8 10 11 12 13 | 13.3
Dodging        | 3 4 |  4.0
Armour         | 4 |  4.0

Action                     |  1- 3 |  4- 6 |  7- 9 | 10-12 | 13-15 || total
---------------------------+-------+-------+-------+-------+-------++-------
  Melee: Unarmed           |    73 |   138 |   205 |   518 |   287 ||  1221
         Punch             |     2 |     7 |     8 |    37 |    19 ||    73
  Throw: Dart              |       |     1 |     5 |       |       ||     6
 Invoke: Brothers in Arms  |       |       |       |     1 |       ||     1
         Berserk           |       |       |       |     1 |     2 ||     3
    Use: Scroll            |       |     4 |     4 |    12 |     1 ||    21
   Stab: Sleeping          |       |       |     1 |       |       ||     1
 Armour: Animal skin       |    35 |    58 |    77 |       |       ||   170
         Robe              |       |       |    39 |     4 |       ||    43
         Swamp dragon scal |       |       |       |   413 |   217 ||   630
  Dodge: Dodged            |    34 |    40 |    92 |   306 |   148 ||   620
         Repelled          |       |       |       |     3 |       ||     3
  Block: Other             |     4 |    24 |     7 |       |       ||    35
         Reflection        |       |       |     1 |       |       ||     1

Table legend: (Time is in decaauts)
 A = Elapsed time spent in this place.
 B = Non-inter-level travel time spent in this place.
 C = Inter-level travel time spent in this place.
 D = Time resting spent in this place.
 E = Time spent auto-exploring this place.
 F = Levels seen in this place.
 G = Mean time per level.
                   A        B        C        D        E       F      G
               +--------+--------+--------+--------+--------+-----+--------+
         Total |  14298 |  13324 |    974 |   1365 |   8736 |  16 |  893.6 |
       Dungeon |  10068 |   9362 |    706 |    828 |   6391 |  11 |  915.3 |
          Lair |   4229 |   3961 |    268 |    537 |   2345 |   5 |  845.8 |
               +--------+--------+--------+--------+--------+-----+--------+

Top non-repeatable levels by time:
  Lair:4: 1243 daAuts
     D:6: 1238 daAuts
     D:3: 1089 daAuts
     D:1: 1073 daAuts
    D:11: 1066 daAuts
     D:7: 1053 daAuts
     D:8: 1035 daAuts
  Lair:1: 1026 daAuts
  Lair:2: 993 daAuts
     D:4: 979 daAuts
     D:9: 851 daAuts
  Lair:3: 797 daAuts
     D:5: 710 daAuts
    D:10: 556 daAuts
     D:2: 412 daAuts
